 Dungeon Crawl Stone Soup version 0.30-a0-956-gcec3b41aec (webtiles) character file.

Game seed: 9180510478253558389

112 Manis1an the Sneak (level 4, 0/21 HPs)
             Began as a Spriggan Enchanter on Feb 17, 2023.
             Succumbed to Crazy Yiuf's poison
             ... on level 2 of the Dungeon on Mar 29, 2023.
             The game lasted 00:05:03 (2186 turns).

Manis1an the Sneak (Spriggan Enchanter)             Turns: 2186, Time: 00:05:04

Health: 0/21       AC:  2    Str:  2 (4)  XL:     4   Next: 64%
Magic:  7/10       EV: 17    Int: 17 (18) God:
Gold:   95         SH:  0    Dex: 14 (15) Spells: 2/10 levels left

rFire   . . .      SeeInvis +    g - +4 short sword
rCold   . . .      Faith    .    (no shield)
rNeg    . . .      Spirit   .    b - +0 robe
rPois   .          Reflect  .    (helmet restricted)
rElec   .          Rampage  .    (no cloak)
rCorr   .                        (gloves unavailable)
Will    .....                    (boots unavailable)
Stlth   +++                      (no amulet)
HPRegen 0.23/turn                (no ring)
MPRegen 0.12/turn                (no ring)

@: lethally poisoned (0 -> -7), invisible, very quick
A: very small, no large weapons, unfitting armour, see invisible, speed 3
a: no special abilities


You were on level 2 of the Dungeon.
You visited 1 branch of the dungeon, and saw 2 of its levels.

You collected 95 gold pieces.

Inventory:

Hand Weapons
 a - a +1 dagger
 g - a +4 short sword (weapon)
Armour
 b - a +0 robe (worn)
Jewellery
 j - an amulet of reflection
Potions
 c - a potion of invisibility
 d - a potion of haste {unknown}
 e - a potion of lignification {unknown}
 f - 2 potions of curing {unknown}
 h - a potion of degeneration
 i - 2 potions of attraction


   Skills:
 + Level 1.4 Short Blades
 + Level 3.0 Dodging
 * Level 5.9 Stealth
 + Level 3.6 Spellcasting
 + Level 4.5 Hexes
 + Level 1.0 Ice Magic


You had 2 spell levels left.
You knew the following spells:

 Your Spells              Type           Power      Damage    Failure   Level
a - Ensorcelled Hibernat  Hex/Ice        24%        N/A       8%          2
b - Confusing Touch       Hex            18%        N/A       8%          3
c - Dazzling Flash        Conj/Hex       20%        N/A       19%         3

Your spell library contained the following spells:

 Spells                   Type           Power      Damage    Failure   Level
 Tukima's Dance           Hex            18%        N/A       8%          3
 Vhi's Electric Charge    Tloc/Air       6%         N/A       45%         3
 Arcjolt                  Conj/Air       1%         1d11      99%         5
 Maxwell's Capacitive Co  Air            1%         ∞         100%        8


Dungeon Overview and Level Annotations

Branches:
Dungeon (2/15)

Altars:


Innate Abilities, Weirdness & Mutations

You are very small and have problems with some larger weapons.
You are too small for most types of armour.
You have supernaturally acute eyesight. (SInv)
You cover ground extremely quickly. (Speed+++)


Message History

You now have 85 gold pieces (gained 9).
You now have 95 gold pieces (gained 10).
Found a hammer.
Found a runed translucent door.
Crazy Yiuf shouts!
You open the door.
Crazy Yiuf says, "Ghoul testudinal hand!"
Casting: Ensorcelled Hibernation (safe; 8% risk of failure)
Confirm with . or Enter, or press ? or * to list all spells.
Aiming: Ensorcelled Hibernation (safe; 8% risk of failure)
Press: ? - help, Shift-Dir - straight line, f - Crazy Yiuf
Aim: Crazy Yiuf, wielding a +3 quarterstaff of chaos and wearing a +0 cloak (chance to affect: 54%) Crazy Yiuf resists with significant effort.
Casting: Ensorcelled Hibernation (safe; 8% risk of failure)
Confirm with . or Enter, or press ? or * to list all spells.
Aiming: Ensorcelled Hibernation (safe; 8% risk of failure)
Press: ? - help, Shift-Dir - straight line, f/p - Crazy Yiuf
Aim: Crazy Yiuf, wielding a +3 quarterstaff of chaos and wearing a +0 cloak (chance to affect: 54%) Crazy Yiuf looks drowsy...
The helpless Crazy Yiuf fails to defend himself.
You puncture Crazy Yiuf!
Crazy Yiuf is severely wounded.
Crazy Yiuf says, "Dawk!"
Crazy Yiuf hits you with a +3 quarterstaff of chaos!
You are lethally poisoned!
You feel very sick.
* * * LOW HITPOINT WARNING * * *
You feel sick.
You fade into invisibility!
* * * LOW HITPOINT WARNING * * *
You feel very sick.
You hit Crazy Yiuf.
You kill Crazy Yiuf!
* * * LOW HITPOINT WARNING * * *
You feel sick.
Your Dodging skill increases to level 3!
Your Ice Magic skill increases to level 1!
It was a potion of degeneration.
There was something very wrong with that liquid.
You feel weakened.
You feel dopey.
You feel clumsy.
You die...

#.###.###.##.##.##.####.#####
♣.♣#......##.##.........#
#.###.######.############ ###
#.###.# #.### #.. ♣.♣#..#
#...# #.. #.###.# #.######
### ##. #.# #.# #.#....##
###..)# #. ♣.♣##.#
#.......####g'...# ##[
#.##..# ###..@)..#..##...#
#.. #....## ##....#.### ###
#.. ###### ######## #.. #..
###########.. #.##.##.##...
#.......##... ####.########
##.......#


There were no monsters in sight!

Vanquished Creatures
  Crazy Yiuf (D:2)
  An iguana (D:2)
  A gnoll (D:1)
  An adder (D:2)
  2 endoplasms
  A giant cockroach (D:1)
  5 goblins
  4 hobgoblins
  2 jackals (D:2)
  3 kobolds (D:1)
  2 quokkas
  4 ball pythons
  4 bats (D:1)
  2 frilled lizards (D:2)
  6 rats
39 creatures vanquished.

Notes
Turn   | Place    | Note
-------+----------+-------------------------------------------
     0 | D:1      | Manis1an the Spriggan Enchanter began the quest for the
                  | Orb.
     0 | D:1      | Reached XP level 1. HP: 9/9 MP: 5/5
    41 | D:1      | Upgraded the game from 0.30-a0-779-g7971cf19c3 to
                  | 0.30-a0-956-gcec3b41aec
    99 | D:1      | Reached XP level 2. HP: 13/13 MP: 6/6
   102 | D:1      | Learned a level 2 spell: Ensorcelled Hibernation
   264 | D:1      | Reached skill level 5 in Stealth
   645 | D:1      | Reached XP level 3. HP: 16/16 MP: 8/8
   649 | D:1      | Learned a level 3 spell: Confusing Touch
  1504 | D:2      | Reached XP level 4. HP: 21/21 MP: 10/10
  1508 | D:2      | Learned a level 3 spell: Dazzling Flash
  2101 | D:2      | Found a runed translucent door.
  2102 | D:2      | Noticed Crazy Yiuf
  2185 | D:2      | Killed Crazy Yiuf
  2186 | D:2      | Reached skill level 1 in Ice Magic
  2186 | D:2      | Succumbed to Crazy Yiuf's poison

Illustrated notes

Levels and vault maps discovered:
D:1:      ncdulo_halloftheorcs, layout_basic, corexii_hall_statues_t,
          minmay_tromino_mix6
D:2:      layout_loops_cross, nicolae_hexahallways,
          amcnicky_mini_corridor_feature, uniq_crazy_yiuf_cottage

Skill      XL: |  1  2  3  4 |
---------------+-------------+-----
Hexes          | 4 |  4.5
Stealth        | 5 |  5.9
Spellcasting   | 3 |  3.6
Dodging        | 3 |  3.0
Ice Magic      | 1 |  1.0
Short Blades   | |  1.4

Action                     |  1- 3 |  4- 6 || total
---------------------------+-------+-------++-------
  Melee: Dagger            |    44 |     7 ||    51
         Short sword       |       |     3 ||     3
   Cast: Ensorcelled Hiber |    28 |    12 ||    40
         Confusing Touch   |     1 |       ||     1
    Use: Scroll            |     4 |       ||     4
         Potion            |       |     2 ||     2
   Stab: Sleeping          |    26 |     7 ||    33
         Distracted        |     1 |       ||     1
 Armour: Robe              |     3 |       ||     3
  Dodge: Dodged            |    30 |     7 ||    37

Table legend: (Time is in decaauts)
 A = Elapsed time spent in this place.
 B = Non-inter-level travel time spent in this place.
 C = Inter-level travel time spent in this place.
 D = Time resting spent in this place.
 E = Time spent auto-exploring this place.
 F = Levels seen in this place.
 G = Mean time per level.
                   A        B        C        D        E       F      G
               +--------+--------+--------+--------+--------+-----+--------+
         Total |   1644 |   1634 |     10 |      0 |   1340 |   2 |  822.0 |
       Dungeon |   1644 |   1634 |     10 |      0 |   1340 |   2 |  822.0 |
               +--------+--------+--------+--------+--------+-----+--------+

Top non-repeatable levels by time:
     D:2: 934 daAuts
     D:1: 709 daAuts
